 Dungeon Crawl Stone Soup version 0.28.0-47-ge53b351184 (webtiles) character file.

Game seed: 6719404698184300159

1040 Peloso the Slasher (level 8, -2/69 HPs)
             Began as a Minotaur Fighter on May 4, 2022.
             Slain by a steam dragon (5 damage)
             ... on level 6 of the Dungeon.
             The game lasted 00:17:43 (4398 turns).

Peloso the Slasher (Minotaur Fighter)               Turns: 4398, Time: 00:17:46

Health: -2/69      AC: 12    Str: 22    XL:     8   Next: 4%
Magic:  7/7        EV:  5    Int:  5    God:
Gold:   313        SH: 10    Dex: 11    Spells: 7/7 levels left

rFire   . . .      SeeInvis .   a - +3 long sword
rCold   . . .      Faith    .   f - +1 kite shield
rNeg    . . .      Spirit   .   t - +0 plate armour
rPois   .          Reflect  .   (helmet restricted)
rElec   .          Harm     .   (no cloak)
rCorr   .          Rampage  .   (no gloves)
Will    .....                   (no boots)
Stlth   ..........              (no amulet)
HPRegen 0.21/turn               (no ring)
MPRegen 0.10/turn               (no ring)

@: no status effects
A: horns 2, retaliatory headbutt
a: no special abilities


You were on level 6 of the Dungeon.
You visited 1 branch of the dungeon, and saw 6 of its levels.

You collected 313 gold pieces.

Inventory:

Hand Weapons
 a - a +3 long sword (weapon)
Armour
 b - a +0 scale mail
 c - a +0 buckler
 f - a +1 kite shield (worn)
 r - a +0 chain mail
 t - a +0 plate armour (worn)
Jewellery
 h - an amulet of faith
 m - a ring of protection from fire
Wands
 s - a wand of flame (38)
 x - a wand of charming (4)
Scrolls
 g - 3 scrolls of fog
 j - 2 scrolls of identify
 n - a scroll of acquirement
 p - a scroll of enchant armour
 q - a scroll of teleportation {unknown}
 u - 3 scrolls of noise {unknown}
 w - a scroll of enchant weapon {unknown}
 y - a scroll of immolation {unknown}
Potions
 d - 2 potions of might
 e - 2 potions of brilliance
 i - 3 potions of curing
 k - a potion of mutation {unknown}
 l - a potion of lignification {unknown}
 o - 3 potions of heal wounds {unknown}
 v - a potion of flight {unknown}
 z - a potion of ambrosia {unknown}


   Skills:
 + Level 5.4 Fighting
 + Level 7.7 Long Blades
 + Level 6.4 Armour
 + Level 1.8 Dodging
 + Level 0.3 Stealth
 + Level 5.7 Shields


You had 7 spell levels left.
You didn't know any spells.
Your spell library contained the following spells:

 Spells                   Type           Power      Damage    Failure   Level
 Animate Skeleton         Necr           0%         N/A       100%        1
 Pain                     Necr           0%         1d4       100%        1
 Slow                     Hex            0%         N/A       100%        1
 Confusing Touch          Hex            0%         N/A       100%        3
 Tukima's Dance           Hex            0%         N/A       100%        3
 Vampiric Draining        Necr           0%         2d6       100%        3
 Passage of Golubria      Tloc           0%         N/A       100%        4
 Yara's Violent Unravell  Hex/Tmut       0%         3d3       100%        5


Dungeon Overview and Level Annotations

Branches:
Dungeon (6/15)
 Temple: D:4-7

Altars:
Makhleb
Qazlal

Shops:
D:1 =   D:3 [


Innate Abilities, Weirdness & Mutations

You have a pair of horns on your head.
You reflexively headbutt those who attack you in melee.


Message History

The iguana bites you but does no damage.
You slice the iguana!!
You kill the iguana!
HP restored.
Found a stone staircase leading up.
You now have 313 gold pieces (gained 9).
There is a stone staircase leading up here.
A steam dragon comes into view.
Found a scroll of identify.
The steam dragon hisses angrily.
Found a scroll of identify.
The steam dragon breathes steam at you. The ball of steam hits you!
You are engulfed in a cloud of scalding steam.
You closely miss the steam dragon. Your headbutt misses the steam dragon.
You are engulfed in a cloud of scalding steam.
The steam dragon breathes steam at you. The ball of steam misses you.
You slash the steam dragon!
The steam dragon is heavily wounded.
You are engulfed in a cloud of scalding steam.
The steam dragon breathes steam at you. The ball of steam hits you!
You barely miss the steam dragon. Your headbutt misses the steam dragon.
The steam dragon is heavily wounded.
The steam dragon breathes steam at you. The ball of steam hits you!!
* * * LOW HITPOINT WARNING * * *
You barely miss the steam dragon.
The steam dragon is heavily wounded.
You are engulfed in a cloud of scalding steam.
You block the steam dragon's attack. The steam dragon completely misses you.
You barely miss the steam dragon.
The steam dragon is heavily wounded.
You are engulfed in a cloud of scalding steam.
The steam dragon bites you but does no damage.
The steam dragon claws you.
* * * LOW HITPOINT WARNING * * *
The steam dragon bites you.
You die...

...........
......................
.....................#
.....................##
.....?.............#..##
#.....................#
##.#..............<..#..
.......D................
.....$.@..........>...#.
.......§..........###.#.
.##.?#.§.....###.###....
#. ##§..........##.... #
#.#.........#.....
###........<#...##
#.......#....##
##.###.##...## ###
#####..#


You could see a steam dragon.

Vanquished Creatures
  A black bear (D:4)
  3 ogres
  A centaur (D:5)
  A necrophage (D:5)
  A scorpion (D:5)
  A bullfrog zombie (D:5)
  3 hounds (D:4)
  2 bullfrog skeletons (D:4)
  3 iguanas
  Ijyb (D:4)
  An orc wizard (D:3)
  Terence (D:2)
  A hound zombie (D:5)
  A gnoll (D:1)
  3 adders
  2 ufetubi (D:5)
  2 adder skeletons
  A worm (D:3)
  4 dart slugs
  5 orcs
  3 bats
  6 endoplasms
  2 giant cockroaches (D:2)
  6 goblins
  9 hobgoblins
  3 quokkas
  7 ball pythons
  3 frilled lizards (D:1)
  6 kobolds
  7 rats
90 creatures vanquished.

Notes
Turn   | Place    | Note
-------+----------+-------------------------------------------
     0 | D:1      | Peloso the Minotaur Fighter began the quest for the Orb.
     0 | D:1      | Reached XP level 1. HP: 19/19 MP: 0/0
   209 | D:1      | Reached XP level 2. HP: 24/27 MP: 1/1
   256 | D:1      | Found Hoac's Jewellery Shop.
   469 | D:1      | Reached XP level 3. HP: 33/33 MP: 2/2
   748 | D:2      | Found a burning altar of Makhleb.
   751 | D:2      | Reached skill level 3 in Long Blades
   774 | D:2      | Noticed Terence
   781 | D:2      | Killed Terence
   790 | D:2      | Reached XP level 4. HP: 14/40 MP: 3/3
  1413 | D:2      | Identified a scroll of acquirement
  1517 | D:3      | Reached skill level 1 in Dodging
  1798 | D:3      | Reached skill level 4 in Long Blades
  1798 | D:3      | Reached XP level 5. HP: 46/46 MP: 4/4
  1909 | D:3      | Found Fufecal's Antique Armour Shoppe.
  2301 | D:3      | Found a faded altar of an unknown god.
  2336 | D:4      | Noticed Ijyb
  2342 | D:4      | Killed Ijyb
  2481 | D:4      | Reached skill level 5 in Armour
  2759 | D:4      | Reached skill level 5 in Long Blades
  2759 | D:4      | Reached XP level 6. HP: 53/53 MP: 5/5
  3102 | D:4      | Reached skill level 6 in Long Blades
  3102 | D:4      | Reached skill level 5 in Shields
  3102 | D:4      | Reached XP level 7. HP: 52/60 MP: 6/6
  3363 | D:5      | Entered Level 5 of the Dungeon
  3417 | D:5      | Reached skill level 5 in Fighting
  3422 | D:5      | Reached skill level 7 in Long Blades
  4051 | D:5      | Found a stormy altar of Qazlal.
  4200 | D:5      | Reached XP level 8. HP: 62/69 MP: 7/7
  4396 | D:6      | HP: 3/69 [steam dragon/ball of steam (21)]
  4398 | D:6      | Slain by a steam dragon

Illustrated notes

Levels and vault maps discovered:
D:1:      ncdulo_wetmaze, layout_rooms, serial_shops, shop
D:2:      layout_rooms, basic_altar, minmay_heptomino_l4, uniq_terence
D:3:      layout_basic, cheibrodos_sewer_entry_bend,
          shapermc_ecumenical_altar_mp_highgroup, serial_shops,
          nicolae_shop_advertising_works [nicolae_subvault_shop_adworks],
          guppyfry_early_lair_pool
D:4:      layout_loops_ring, uniq_ijyb
D:5:      layout_rooms, amcnicky_altar_gilded, serial_curves, eino_curves_03,
          eino_curves_03
D:6:      cheibrodos_iron_armory, layout_cave_pools, minmay_temple_entry_arrows,
          kennysheep_generic_room_11, uniq_eustachio

Skill      XL: |  1  2  3  4  5  6  7 |
---------------+----------------------+-----
Armour         | 4 5 6 |  6.4
Shields        | 4 5 |  5.7
Fighting       | 4 5 |  5.4
Long Blades    | 3 4 5 6 7 |  7.7
Dodging        | 1 |  1.8
Stealth        | |  0.3

Action                   |  1- 3 |  4- 6 |  7- 9 || total
-------------------------+-------+-------+-------++-------
Melee: Long sword        |    62 |   125 |    43 ||   230
       Headbutt          |     7 |    21 |     9 ||    37
  Use: Scroll            |       |     4 |     2 ||     6
Armor: Scale mail        |    29 |    20 |       ||    49
       Plate armour      |       |    23 |    26 ||    49
       Chain mail        |       |     8 |       ||     8
Dodge: Dodged            |    23 |    39 |    12 ||    74
Block: Buckler           |    14 |       |       ||    14
       Kite shield       |    10 |    50 |    16 ||    76
